 Dungeon Crawl Stone Soup version 0.30-a0-540-g0af01429fa (webtiles) character file.

Game seed: 1736632948400118732

210 arthad the Digger (level 5, -2/28 HPs)
             Began as a Gargoyle Earth Elementalist on Dec 25, 2022.
             Was a Follower of Cheibriados.
             Slain by a jelly (3 damage)
             ... on level 4 of the Dungeon.
             The game lasted 00:05:33 (2719 turns).

arthad the Digger (Gargoyle Earth Elementalist)     Turns: 2719, Time: 00:05:34

Health: -2/28      AC:  3    Str: 15    XL:     5   Next: 88%
Magic:  9/9        EV:  9    Int: 20    God:    Cheibriados [*.....]
Gold:   128        SH:  5    Dex: 13    Spells: 6/10 levels left

rFire   . . .      SeeInvis .    m - staff of air
rCold   . . .      Faith    .    (no shield)
rNeg    + . .      Spirit   .    a - +0 robe
rPois   ∞          Reflect  +    (no helmet)
rElec   +          Harm     .    (no cloak)
rCorr   .          Rampage  .    e - +0 pair of gloves
Will    .....                    (no boots)
Stlth   +                        i - amulet of reflection
HPRegen 0.24/turn                (no ring)
MPRegen 0.11/turn                (no ring)

@: silenced, corroded, constricted, very slow
A: sickness immunity, AC +4, negative energy resistance 1, electricity
resistance, torment resistance 1, petrification resistance
a: Renounce Religion


You were on level 4 of the Dungeon.
You worshipped Cheibriados.
Cheibriados was aware of your devotion.
You visited 1 branch of the dungeon, and saw 4 of its levels.

You collected 128 gold pieces.

Inventory:

Armour
 a - a +0 robe (worn)
 e - a +0 pair of gloves (worn)
Magical Staves
 m - a staff of air (weapon)
Jewellery
 i - an amulet of reflection (around neck)
 o - a +4 ring of slaying
Scrolls
 c - a scroll of teleportation
 l - a scroll of silence
 n - a scroll of poison {unknown}
 p - a scroll of vulnerability {unknown}
Potions
 b - a potion of magic
 f - 2 potions of curing
 h - a potion of ambrosia {unknown}
 k - a potion of lignification {unknown}


   Skills:
 + Level 2.5 Dodging
 + Level 3.6 Stealth
 + Level 3.0 Spellcasting
 + Level 2.1 Transmutations
 + Level 4.6 Earth Magic


You had 6 spell levels left.
You knew the following spells:

 Your Spells              Type           Power      Damage    Failure   Level
a - Sandblast             Erth           42%        2d11      1%          1
b - Stone Arrow           Conj/Erth      24%        3d8       16%         3

Your spell library contained the following spells:

 Spells                   Type           Power      Damage    Failure   Level
 Passwall                 Tmut/Erth      13%        N/A       5%          2
 Petrify                  Tmut/Erth      16%        N/A       34%         4


Dungeon Overview and Level Annotations

Branches:
Dungeon (4/15)
 Temple: D:4-7

Altars:
Cheibriados
Hepliaklqana
Kikubaaqudgha
Okawaru
Trog
Vehumet
Wu Jian


Innate Abilities, Weirdness & Mutations

You are immune to sickness and miasma.
Your stone body is resilient. (AC +4)
You are immune to poison.
You resist negative energy. (rN+)
You are resistant to electric shocks. (rElec)
You are resistant to unholy torment.
You are immune to petrification.


Message History

Really attack while wielding nothing? [Y]es or [N]o only, please.
Really attack while wielding nothing? [Y]es or [N]o only, please.
Really attack while wielding nothing? [Y]es or [N]o only, please.
Really attack while wielding nothing? [Y]es or [N]o only, please.
Really attack while wielding nothing? [Y]es or [N]o only, please.
Really attack while wielding nothing? [Y]es or [N]o only, please.
Really attack while wielding nothing?
Okay, then.
Unknown command.
m - a staff of air (weapon)
You hit the jelly.
Your hands burn!
The jelly is moderately wounded.
The jelly misses you.
You hit the jelly. The acid corrodes you!
Your hands burn!
The jelly is heavily wounded.
The kobold dies!
The jelly misses you.
You hit the jelly.
Your hands burn!
The jelly is almost dead.
The jelly hits you. The acid corrodes you!
You are splashed with acid!
The ball python bites you.
* * * LOW HITPOINT WARNING * * *
The ball python grabs you. The ball python constricts you.
* * * LOW HITPOINT WARNING * * *
You block the jelly's attack.
You hit the jelly but do no damage.
Your hands burn!
* * * LOW HITPOINT WARNING * * *
The jelly is almost dead.
The ball python bites you.
* * * LOW HITPOINT WARNING * * *
The ball python constricts you.
* * * LOW HITPOINT WARNING * * *
The jelly hits you.
You die...

... .... #.# .....
#.###...... .
#.#<.......
....####.####..###
#.................
#.#.####....###. #
#.....+ #.)@..#
.......JS......
#######....#..#
.....# ## ##...#
...# ...# ...#


You could see a jelly and a ball python.

Vanquished Creatures
  An ogre (D:3)
  A hound (D:3)
  Jessica (D:2)
  An adder (D:3)
  A worm (D:2)
  A dart slug (D:1)
  3 bats (D:1)
  4 endoplasms
  4 giant cockroaches (D:1)
  6 hobgoblins
  3 jackals (D:1)
  5 kobolds (D:1)
  3 quokkas
  8 ball pythons
  3 frilled lizards
  3 goblins
  9 rats
57 creatures vanquished.

Vanquished Creatures (others)
  A kobold (D:4)
1 creature vanquished.

Grand Total: 58 creatures vanquished

Notes
Turn   | Place    | Note
-------+----------+-------------------------------------------
     0 | D:1      | arthad the Gargoyle Earth Elementalist began the quest for
                  | the Orb.
     0 | D:1      | Reached XP level 1. HP: 10/10 MP: 3/3
   158 | D:1      | Reached skill level 1 in Transmutations
   158 | D:1      | Reached XP level 2. HP: 15/15 MP: 1/5
   526 | D:1      | Reached XP level 3. HP: 19/19 MP: 4/6
   802 | D:1      | Reached skill level 4 in Earth Magic
  1242 | D:2      | Noticed Jessica
  1244 | D:2      | Killed Jessica
  1245 | D:2      | Reached XP level 4. HP: 24/24 MP: 5/7
  1283 | D:2      | Found a faded altar of an unknown god.
  1295 | D:2      | Prayed at the altar of an unknown god.
  1295 | D:2      | Became a worshipper of Cheibriados the Contemplative
  1295 | D:2      | Reached * piety under Cheibriados
  1488 | D:2      | Found an ancient bone altar of Kikubaaqudgha.
  2294 | D:3      | Noticed an ogre
  2319 | D:3      | Reached XP level 5. HP: 28/28 MP: 5/9
  2324 | D:3      | Killed an ogre
  2330 | D:3      | Learned a level 3 spell: Stone Arrow
  2596 | D:3      | Found a radiant altar of Vehumet.
  2612 | D:3      | Found a bloodstained altar of Trog.
  2613 | D:3      | Found an iron altar of Okawaru.
  2614 | D:3      | Found an ornate altar of the Wu Jian Council.
  2615 | D:3      | Found a hazy altar of Hepliaklqana.
  2618 | D:3      | Found an ancient bone altar of Kikubaaqudgha.
  2719 | D:4      | HP: 1/28 [constriction (1)]
  2719 | D:4      | Slain by a jelly

Illustrated notes

Levels and vault maps discovered:
D:1:      dpeg_arrival_leaves_temple_mockup, layout_basic,
          palyth_stone_intersect, dreamdust_princess_bridge
D:2:      layout_loops_corners, basic_altar, nicolae_ecumenical_snake_handling,
          st_stairs_4, uniq_jessica
D:3:      layout_basic, minitemple
D:4:      layout_basic, portal_sewer_entry_f, grunt_ministairs_14, uniq_edmund

Skill      XL: |  1  2  3  4  5 |
---------------+----------------+-----
Transmutations | 1 2 |  2.1
Earth Magic    | 4 |  4.6
Dodging        | 2 |  2.5
Stealth        | 3 |  3.6
Spellcasting   | 3 |  3.0

Action                   |  1- 3 |  4- 6 || total
-------------------------+-------+-------++-------
Melee: Unarmed           |    21 |       ||    21
       Staff             |       |     4 ||     4
 Cast: Sandblast         |    44 |    30 ||    74
  Use: Scroll            |       |     5 ||     5
Armor: Robe              |    20 |     2 ||    22
Dodge: Dodged            |    48 |     8 ||    56
Block: Other             |       |     3 ||     3
       Reflection        |       |     1 ||     1

Table legend: (Time is in decaauts)
 A = Elapsed time spent in this place.
 B = Non-inter-level travel time spent in this place.
 C = Inter-level travel time spent in this place.
 D = Time resting spent in this place.
 E = Time spent auto-exploring this place.
 F = Levels seen in this place.
 G = Mean time per level.
                   A        B        C        D        E       F      G
               +--------+--------+--------+--------+--------+-----+--------+
         Total |   3182 |   3091 |     91 |     60 |   2632 |   4 |  795.5 |
       Dungeon |   3182 |   3091 |     91 |     60 |   2632 |   4 |  795.5 |
               +--------+--------+--------+--------+--------+-----+--------+

Top non-repeatable levels by time:
     D:1: 1261 daAuts
     D:2: 1150 daAuts
     D:3: 753 daAuts
     D:4: 16 daAuts
